 Dungeon Crawl Stone Soup version 0.18.1-50-g88ac8fd (webtiles) character file.

8523 Voril the Protected (level 11, 0/81 (83) HPs)
             Began as a Minotaur Berserker on Oct 29, 2016.
             Was a High Priest of Trog.
             Killed by mirror damage (2 damage)
             ... on level 12 of the Dungeon on Oct 31, 2016.
             The game lasted 01:20:03 (8357 turns).

Voril the Protected (Minotaur Berserker)            Turns: 8357, Time: 01:20:05

HP:   0/81 (83)     AC: 24    Str: 27    XL:     11   Next: 11%
MP:   10/10         EV:  9    Int:  4    God:    Trog [*****.]
Gold: 473           SH:  0    Dex: 11    Spells: 0 memorised, 10 levels left

rFire  . . .     SeeInvis .     h - +2 war axe (venom)
rCold  . . .     Gourm    .     i - +1 plate armour
rNeg   . . .     Faith    .     (no shield)
rPois  .         Spirit   .     (helmet restricted)
rElec  .         Dismiss  .     v - +0 cloak
rCorr  .         Reflect  .     l - +1 pair of gloves
SustAt .         Harm     .     (no boots)
MR     ++...                    (no amulet)
Stlth  ..........               w - +2 ring of protection
                                j - +3 ring of strength

@: exhausted, regenerating, slowed, very slow, very resistant to hostile
enchantments, extremely unstealthy
A: retaliatory headbutt, horns 2
a: Berserk, Trog's Hand, Brothers in Arms, Burn Spellbooks, Renounce Religion


You were on level 12 of the Dungeon.
You worshipped Trog.
Trog was extremely pleased with you.
You were not hungry.

You visited 2 branches of the dungeon, and saw 13 of its levels.
You also visited: Sewer.

You collected 473 gold pieces.

Inventory:

Hand Weapons
 h - a +2 war axe of venom (weapon)
 r - a +0 battleaxe
Missiles
 d - 300 stones (quivered)
Armour
 i - a +1 plate armour (worn)
 l - a +1 pair of gloves (worn)
 v - a +0 cloak (worn)
 D - a +0 chain mail
Jewellery
 j - a +3 ring of strength (left hand)
 m - an uncursed ring of resist corrosion
 w - a +2 ring of protection (right hand)
 H - an uncursed ring of protection from fire
 I - an uncursed amulet of magic regeneration
Wands
 f - a wand of acid (2/15)
 n - a wand of polymorph (11/24)
 y - a wand of confusion (28/48)
 B - a wand of iceblast (3/15)
 C - a wand of lightning (7/15)
 K - a wand of random effects (27/48)
Scrolls
 k - a scroll of identify
 o - a scroll of blinking
 p - 10 scrolls of remove curse
 s - a scroll of brand weapon {unknown}
 A - a scroll of recharging {unknown}
 G - a scroll of noise {unknown}
 J - a scroll of magic mapping {unknown}
 L - a scroll of teleportation {unknown}
Potions
 a - a potion of mutation {unknown}
 e - 2 potions of invisibility
 g - a potion of agility
 q - 4 potions of heal wounds
 t - a potion of brilliance {unknown}
 x - 5 potions of flight
 z - 2 potions of curing
 E - a potion of might
Comestibles
 b - 2 meat rations
 c - 3 bread rations
 u - a slice of pizza


   Skills:
 - Level 3.9 Fighting
 - Level 13.0 Axes
 + Level 14.9 Armour
 - Level 2.2 Dodging
   Level 2.7 Shields
 - Level 1.0 Evocations


You had 10 spell levels left.
You didn't know any spells.

Dungeon Overview and Level Annotations

Branches:
Dungeon (12/15)            Temple (1/1) D:5
   Lair: D:8-11         Orc: D:9-12

Altars:
Ashenzari
Dithmenos
Elyvilon
Fedhas
Gozag
Makhleb
Nemelex Xobeh
Okawaru
Pakellas
Qazlal
Ru
Sif Muna
Trog
Vehumet
Xom
Yredelemnul
Zin
The Shining One

Shops:
D:8 [   D:9 (


Innate Abilities, Weirdness & Mutations

You reflexively headbutt those who attack you in melee.
You have a pair of horns on your head.


Message History

The death knight hits you but does no damage.
The death knight offers itself to Yredelemnul, and fills with unholy energy.
The death knight hits you with an enchanted great mace!
* * * LOW HITPOINT WARNING * * *
All of the chunks of flesh in your inventory have rotted away.
The death knight invokes the aid of Yredelemnul against you.
Your body is wracked with pain!
* * * LOW HITPOINT WARNING * * *
Your skin crawls.
You feel resistant to hostile enchantments.
You feel slightly more hungry.
The death knight hits you with an enchanted great mace!
* * * LOW HITPOINT WARNING * * *
You slash the death knight!
The death knight is poisoned.
Your headbutt misses the death knight.
The death knight is lightly wounded.
Your damage is reflected back at you!
* * * LOW HITPOINT WARNING * * *
Your damage is reflected back at you!
You die...

# # #. # +.. # #... #
#>.Wc #
#...cy############### #
#..cccczp@..........######
#...cc#############......'
#.... ######## #.). # ###
#


You could see a death knight, a skeletal warrior, 7 centaurs and a killer bee.

Vanquished Creatures
  Erica (D:9)
  2 unseen horrors
  2 hill giants (D:11)
  An orb spider (D:10)
  A cyclops (D:11)
  Maurice (D:9)
  A vampire (D:10)
  A steam dragon (D:7)
  Edmund (D:5)
  A water moccasin (D:10)
  2 sky beasts
  4 orc warriors
  A wasp (D:8)
  2 ice beasts (D:12)
  5 ogres
  A necrophage (D:10)
  8 centaurs
  5 big kobolds
  9 giant frogs
  3 scorpions
  3 killer bees (D:12)
  4 wights (D:3)
  5 crimson imps
  A quasit (D:11)
  3 orc priests
  2 jellies
  7 orc wizards
  A giant frog skeleton (D:6)
  3 iguanas
  6 worker ants
  14 adders
  3 gnolls (D:3)
  An ooze (D:2)
  3 worms
  6 giant geckos
  16 orcs
  5 bats
  7 giant cockroaches
  5 hobgoblins
  8 jackals
  32 kobolds
  7 quokkas
  3 ball pythons
  A giant gecko zombie (D:6)
  9 giant newts
  8 goblins
  11 rats
226 creatures vanquished.

Vanquished Creatures (collateral kills)
  An orc (D:10)
1 creature vanquished.

Vanquished Creatures (others)
  A lightning spire (D:11)
  A bush (D:11)
2 creatures vanquished.

Grand Total: 229 creatures vanquished

Notes
Turn   | Place    | Note
--------------------------------------------------------------
     0 | D:1      | Voril the Minotaur Berserker began the quest for the Orb.
     0 | D:1      | Reached XP level 1. HP: 19/19 MP: 0/0
   182 | D:1      | Reached XP level 2. HP: 25/27 MP: 1/1
   762 | D:2      | Reached XP level 3. HP: 24/33 MP: 2/2
   804 | D:2      | Reached ** piety under Trog
   840 | D:2      | Reached skill level 5 in Axes
   995 | D:2      | Found a faded altar to an unknown god.
  1091 | D:2      | Found a glowing golden altar of the Shining One.
  1354 | D:3      | Reached XP level 4. HP: 32/40 MP: 3/3
  1652 | D:3      | Noticed a sky beast
  1668 | D:3      | Killed a sky beast
  1668 | D:3      | Reached XP level 5. HP: 7/46 MP: 4/4
  2160 | D:3      | Reached XP level 6. HP: 44/52 MP: 5/5
  2290 | D:3      | Reached skill level 1 in Shields
  2501 | D:3      | Reached *** piety under Trog
  2819 | D:4      | Reached XP level 7. HP: 58/58 MP: 6/6
  3082 | D:4      | Reached skill level 10 in Axes
  3329 | D:4      | Found a glowing drain.
  3333 | Sewer    | Entered a sewer
  3589 | Sewer    | Reached **** piety under Trog
  3840 | D:5      | Entered Level 5 of the Dungeon
  3849 | D:5      | Reached XP level 8. HP: 50/66 MP: 7/7
  3855 | D:5      | Found a staircase to the Ecumenical Temple.
  3945 | Temple   | Entered the Ecumenical Temple
  4279 | D:5      | Noticed Edmund
  4287 | D:5      | Killed Edmund
  4557 | D:5      | Found a white marble altar of Elyvilon.
  4566 | D:5      | Found a shadowy altar of Dithmenos.
  4566 | D:5      | Found a basalt altar of Yredelemnul.
  4566 | D:5      | Found a glowing silver altar of Zin.
  4568 | D:5      | Found an oddly glowing altar of Pakellas.
  4569 | D:5      | Found a bloodstained altar of Trog.
  5147 | D:6      | Reached skill level 1 in Evocations
  5299 | D:6      | Reached skill level 3 in Armour
  5301 | D:6      | Reached XP level 9. HP: 53/71 MP: 8/8
  5302 | D:6      | Reached skill level 4 in Armour
  5380 | D:7      | Reached skill level 5 in Armour
  5388 | D:7      | Reached ***** piety under Trog
  5507 | D:7      | Reached skill level 6 in Armour
  5726 | D:8      | Reached skill level 7 in Armour
  5916 | D:8      | Found Yri Lu Lae's Antique Armour Boutique.
  6334 | D:9      | Reached skill level 8 in Armour
  6361 | D:9      | Noticed Maurice
  6622 | D:9      | Noticed Erica
  6628 | D:9      | Killed Erica
  6628 | D:9      | Reached skill level 10 in Armour
  6825 | D:9      | Reached XP level 10. HP: 71/78 MP: 9/9
  6826 | D:9      | Found Qemmanoi's Antique Weapon Emporium.
  6889 | D:9      | Killed Maurice
  6889 | D:9      | Reached skill level 11 in Armour
  7126 | D:10     | Entered Level 10 of the Dungeon
  7281 | D:10     | Received a gift from Trog
  7319 | D:10     | Noticed an orb spider
  7319 | D:10     | a troll changed into an orb spider
  7329 | D:10     | Killed an orb spider
  7329 | D:10     | Reached skill level 12 in Armour
  7537 | D:11     | Noticed a cyclops
  7548 | D:11     | Killed a cyclops
  7760 | D:11     | Noticed a hill giant
  7769 | D:11     | Killed a hill giant
  7769 | D:11     | Reached skill level 13 in Armour
  7808 | D:11     | Noticed a hill giant
  7814 | D:11     | Killed a hill giant
  7842 | D:11     | Killed an unseen horror
  7842 | D:11     | Reached skill level 14 in Armour
  8049 | D:11     | Found an oddly glowing altar of Pakellas.
  8050 | D:11     | Noticed a cyan very ugly thing
  8111 | D:12     | Reached XP level 11. HP: 53/81 MP: 10/10
  8302 | D:12     | Killed an unseen horror
  8323 | D:12     | Noticed a death knight
  8323 | D:12     | Noticed a skeletal warrior
  8357 | D:12     | HP: 1/81 [mirror damage (6)]
  8357 | D:12     | Killed by mirror damage

Skill      XL: |  1  2  3  4  5  6  7  8  9 10 |
---------------+-------------------------------+-----
Axes           | 4 5 7 9 11 13 | 13.0
Shields        | 1 2 |  2.7
Evocations     | 1 |  1.0
Armour         | 3 10 14 | 14.9
Fighting       | |  3.9
Dodging        | |  2.2

Action                   |  1- 3 |  4- 6 |  7- 9 | 10-12 || total
-------------------------+-------+-------+-------+-------++-------
Melee: Hand axe          |    85 |    63 |       |       ||   148
       Headbutt          |    16 |    21 |    57 |    27 ||   121
       Battleaxe         |       |    37 |   177 |       ||   214
       War axe           |       |       |   109 |   113 ||   222
Throw: Stone             |     3 |     1 |    30 |       ||    34
Invok: Berserk           |       |     3 |     6 |     4 ||    13
       Brothers in Arms  |       |       |       |     1 ||     1
       Trog's Hand       |       |       |       |     1 ||     1
Evoke: Wand              |       |     2 |     4 |     2 ||     8
  Use: Scroll            |     4 |       |     7 |     1 ||    12
       Potion            |     3 |       |     3 |       ||     6
  Eat: Chunk             |     1 |     7 |    17 |     7 ||    32
       Beef jerky        |       |       |     1 |       ||     1
       Bread ration      |       |       |     1 |       ||     1
Armor: Animal skin       |     3 |       |       |       ||     3
       Leather armour    |     6 |       |       |       ||     6
       Ring mail         |    12 |    34 |     6 |       ||    52
       Scale mail        |       |       |    60 |       ||    60
       Chain mail        |       |       |    17 |       ||    17
       Plate armour      |       |       |    53 |    94 ||   147
Dodge: Dodged            |    44 |    48 |   141 |    37 ||   270
Block: Buckler           |       |     6 |       |       ||     6
